 Dungeon Crawl Stone Soup version 0.27-a0-901-g8736458 (webtiles) character file.

Game seed: 17778545655513831984

23 Nithhogg the Skirmisher (level 2, 0/24 HPs)
             Began as a Demonspawn Fighter on Apr 5, 2021.
             Slain by Sigmund
             ... wielding a +0 scythe
              (5 damage)
             ... on level 2 of the Dungeon.
             The game lasted 00:01:13 (728 turns).

Nithhogg the Skirmisher (Demonspawn Fighter)         Turns: 728, Time: 00:01:14

Health: 0/24       AC:  8    Str: 16    XL:     2   Next: 75%
Magic:  2/2        EV:  9    Int:  9    God:
Gold:   0          SH:  0    Dex: 12    Spells: 1/1 levels left

rFire    . . .     SeeInvis .   f - +0 dagger (vamp)
rCold    . . .     Faith    .   (no shield)
rNeg     . . .     Spirit   .   b - +0 scale mail
rPois    .         Reflect  .   (no helmet)
rElec    .         Harm     .   (no cloak)
rCorr    .         Rampage  .   (no gloves)
Will     .....                  (no boots)
Stlth    ..........             (no amulet)
HPRegen  0.08/turn              (no ring)
MPRegen  0.08/turn              (no ring)

@: confused
A: thin metallic scales 1
a: no special abilities


You were on level 2 of the Dungeon.
You visited 1 branch of the dungeon, and saw 2 of its levels.

Inventory:

Hand Weapons
 a - a +0 long sword
 f - a +0 vampiric dagger (weapon)
Armour
 b - a +0 scale mail (worn)
 c - a +0 kite shield
Scrolls
 e - a scroll of teleportation {unknown}
 g - a scroll of immolation {unknown}
 i - a scroll of enchant armour {unknown}
Potions
 d - a potion of might
 h - a potion of mutation {unknown}


   Skills:
 + Level 3.2 Fighting
 + Level 2.1 Long Blades
 + Level 2.9 Armour
 + Level 0.7 Dodging
 - Level 2.6 Shields
 + Level 1.3 Invocations


You had one spell level left.
You didn't know any spells.
Your spell library was empty.

Dungeon Overview and Level Annotations

Branches:
Dungeon (2/15)

Altars:

Annotations:
D:2 Sigmund


Innate Abilities, Weirdness & Mutations

You are partially covered in thin metallic scales. (AC +2)


Message History

The ball python closely misses you. The ball python grabs you.
The ball python constricts you.
The ball python bites you but does no damage.
The ball python constricts you.
The ball python moves out of view.
There is a stone staircase leading up here.
You escape the ball python's grasp.
Sigmund gestures at you while chanting.
You are confused.
The ball python closely misses you. x2
In your confused state, you trip and fall back down the stairs.
Sigmund barely misses you. The ball python closely misses you.
The ball python completely misses you.
The ball python bites you but does no damage.
The ball python grabs you.
You stop ascending the stairs.
The ball python constricts you. Sigmund gestures at you while chanting.
You are more confused.
You escape the ball python's grasp.
HP restored.
Sigmund hits you from afar with a +0 scythe.
The ball python bites you but does no damage.
The ball python closely misses you.
In your confused state, you trip and fall back down the stairs.
Sigmund hits you but does no damage.
The ball python bites you but does no damage.
The ball python misses you. The ball python bites you.
The ball python grabs you.
You stop ascending the stairs.
The ball python constricts you. Sigmund barely misses you.
You escape the ball python's grasp.
Sigmund closely misses you.
The ball python bites you but does no damage.
The ball python grabs you.
You stop ascending the stairs.
The ball python constricts you.
The ball python's grasp on you weakens, but your attempt to escape fails.
The ball python bites you but does no damage.
The ball python constricts you.
Sigmund hits you from afar with a +0 scythe!
* * * LOW HITPOINT WARNING * * *
You escape the ball python's grasp.
Sigmund hits you from afar with a +0 scythe.
You die...

.. #.
..
##.
.S
#@##
#..#
#.@#
#S.#
#...
#.##.
.. ##
#..
#..
...


You could see Sigmund and 2 ball pythons.

Vanquished Creatures
  A dart slug (D:1)
  2 bats (D:1)
  3 endoplasms (D:1)
  A giant cockroach (D:1)
  2 quokkas (D:1)
  2 ball pythons (D:1)
  2 frilled lizards (D:1)
  4 goblins (D:1)
  A kobold (D:1)
  A rat (D:1)
19 creatures vanquished.

Notes
Turn   | Place    | Note
-------+----------+-------------------------------------------
     0 | D:1      | Nithhogg the Demonspawn Fighter began the quest for the
                  | Orb.
     0 | D:1      | Reached XP level 1. HP: 18/18 MP: 1/1
   292 | D:1      | Gained mutation: You are partially covered in thin metallic
                  | scales. (AC +2) [demonic ancestry]
   292 | D:1      | Reached XP level 2. HP: 18/24 MP: 2/2
   396 | D:1      | Reached skill level 1 in Invocations
   706 | D:2      | Noticed Sigmund
   728 | D:2      | Slain by Sigmund

Illustrated notes

Levels and vault maps discovered:
D:1:      heliophobic_arrival_ceremonial_halls, layout_rooms
D:2:      layout_rooms, basic_ecumenical_altar, uniq_sigmund

Skill      XL: |  1  2 |
---------------+-------+-----
Long Blades    | 2 |  2.1
Invocations    | 1 |  1.3
Fighting       | |  3.2
Armour         | |  2.9
Dodging        | |  0.7
Shields        | |  2.6

Action                   || total
-------------------------++-------
Melee: Long sword        ||    20
       Dagger            ||    63
Armor: Scale mail        ||    54
Dodge: Dodged            ||    53
Block: Kite shield       ||    10
       Rpst.: Long sword ||     2

Table legend: (Time is in decaauts)
 A = Elapsed time spent in this place.
 B = Non-inter-level travel time spent in this place.
 C = Inter-level travel time spent in this place.
 D = Time resting spent in this place.
 E = Time spent auto-exploring this place.
 F = Levels seen in this place.
 G = Mean time per level.
                   A        B        C        D        E       F      G
               +--------+--------+--------+--------+--------+-----+--------+
         Total |    734 |    721 |     13 |      0 |    546 |   2 |  367.0 |
       Dungeon |    734 |    721 |     13 |      0 |    546 |   2 |  367.0 |
               +--------+--------+--------+--------+--------+-----+--------+

Top non-repeatable levels by time:
     D:1: 721 daAuts
     D:2: 13 daAuts
